 Dungeon Crawl Stone Soup version 0.24.0-1-gfbc8707122 (console) character file.

Game seed: 16155504233457697142, levelgen mode: deterministic

336 AlterAsc the Sneak (level 6, 25/30 HPs)
             Began as a Spriggan Enchanter on Oct 26, 2019.
             Quit the game on level 4 of the Dungeon on Oct 27, 2019.
             The game lasted 00:14:48 (3267 turns).

AlterAsc the Sneak (Spriggan Enchanter)             Turns: 3267, Time: 00:14:48

Health: 25/30      AC:  2    Str:  6    XL:     6   Next: 28%
Magic:  11/12      EV: 20    Int: 17    God:
Gold:   159        SH:  0    Dex: 16    Spells: 9/12 levels left

rFire    . . .     SeeInvis +   a - +1 dagger
rCold    . . .     Gourm    .   (shield restricted)
rNeg     . . .     Faith    .   b - +0 robe
rPois    .         Spirit   .   (helmet restricted)
rElec    .         Reflect  .   (no cloak)
rCorr    .         Harm     .   (gloves unavailable)
MR       +....                  (boots unavailable)
Stlth    +++++.....             (no amulet)
HPRegen  0.10/turn              j - ring of stealth
MPRegen  0.13/turn              (no ring)

@: very quick
A: very small, unfitting armour, see invisible, herbivore, speed 3, slow
metabolism 2
a: no special abilities


You were on level 4 of the Dungeon.
You were hungry.

You visited 1 branch of the dungeon, and saw 4 of its levels.

You collected 159 gold pieces.

Inventory:

Hand Weapons
 a - a +1 dagger (weapon)
Missiles
 k - 24 poisoned darts (quivered)
 r - 45 stones
Armour
 b - a +0 robe (worn)
 c - a +0 leather armour
 m - a +0 helmet
Jewellery
 j - a ring of stealth (left hand)
 p - an uncursed ring of see invisible {unknown}
Scrolls
 f - a scroll of blinking {unknown}
 g - 5 scrolls of identify {unknown}
 i - 5 scrolls of teleportation {unknown}
 l - a scroll of remove curse {unknown}
 n - a scroll of fog {unknown}
Potions
 e - 5 potions of curing {unknown}
 h - a potion of brilliance {unknown}
 o - a potion of flight {unknown}
 q - a potion of might {unknown}
 s - a potion of lignification {unknown}
Comestibles
 d - 3 rations


   Skills:
 + Level 1.6 Fighting
 + Level 2.8 Short Blades
 + Level 4.4 Dodging
 * Level 7.0 Stealth
 + Level 3.9 Spellcasting
 + Level 4.6 Hexes


You had 9 spell levels left.
You knew the following spells:

 Your Spells              Type           Power        Failure   Level  Hunger
a - Corona                Hex            ###....      2%          1    None
b - Ensorcelled Hibernat  Hex/Ice        ##....       10%         2    ##.....

Your spell library contained the following spells:

 Spells                   Type           Power        Failure   Level  Hunger
 Confuse                  Hex            ###.....     7%          3    ###....
 Tukima's Dance           Hex            ###.....     7%          3    ###....
 Dazzling Spray           Conj/Hex       ##....       19%         3    ###....


Dungeon Overview and Level Annotations

Branches:
Dungeon (4/15)
 Temple: D:4-7

Altars:
Qazlal

Annotations:
D:4 Robin


Innate Abilities, Weirdness & Mutations

You are very small and have problems with some larger weapons.
You are too small for most types of armour.
You have supernaturally acute eyesight. (SInv)
You are a herbivore.
You cover ground extremely quickly.
You need to consume almost no food.


Message History

Casting: Ensorcelled Hibernation (safe; 10% risk of failure)
Confirm with . or Enter, or press ? or * to list all spells.
Aiming: Ensorcelled Hibernation (safe; 10% risk of failure)
Press: ? - help, Shift-Dir - straight line, f - hobgoblin
Aim: a hobgoblin, wielding a +0 club (chance to defeat MR: 60%)
The hobgoblin looks drowsy...
The helpless hobgoblin fails to defend itself.
You impale the hobgoblin!!
You kill the hobgoblin!
You see here a +0 club.
The hobgoblin closely misses you.
Found 19 bolts.
You see here 11 gold pieces.
You now have 159 gold pieces (gained 11).
Robin throws the goblin at you!
Saving game... please wait.
Level annotation: Robin Welcome back, AlterAsc the Spriggan Enchanter.
Press ? for a list of commands and other information.
Are you sure you want to abandon this character and quit the game? (Confirm with "yes".)

#....#..#.#
#....#..#.#####.. #
##..............#...
#........#######l#.#
#.....................
#................##..#
#.........####.####..#.#
#.........# #..........###
#........@###.###.........
#....l....g..g.#...#..##.
....##...###g......(....
### ##..# ###gg..#..#.##
#..# #...g....##.#.
#..###.....#####...
#..##.......).g....
#..##..###g#####.g.
###..##..#≈.O.°#....#


You could see a leopard gecko (wandering), 2 hobgoblins and 3 goblins.

Vanquished Creatures
  Sigmund (D:2)
  8 adders
  A gnoll (D:1)
  An ooze (D:2)
  4 worms
  A dart slug (D:2)
  A leopard gecko (D:1)
  5 orcs (D:3)
  4 goblins
  11 hobgoblins
  7 jackals
  3 quokkas (D:3)
  10 bats
  6 frilled lizards
  6 kobolds
  7 rats
76 creatures vanquished.

Notes
Turn   | Place    | Note
-------+----------+-------------------------------------------
     0 | D:1      | AlterAsc the Spriggan Enchanter began the quest for the
                  | Orb.
     0 | D:1      | Reached XP level 1. HP: 9/9 MP: 5/5
   713 | D:1      | Reached XP level 2. HP: 11/14 MP: 6/6
   718 | D:1      | Learned a level 2 spell: Ensorcelled Hibernation
   938 | D:1      | Reached skill level 5 in Stealth
  1035 | D:1      | Reached XP level 3. HP: 17/17 MP: 5/8
  1659 | D:2      | Reached XP level 4. HP: 21/21 MP: 6/9
  1786 | D:2      | Noticed Sigmund
  1805 | D:2      | Reached skill level 1 in Fighting
  1965 | D:2      | Killed Sigmund
  1965 | D:2      | Reached skill level 6 in Stealth
  1965 | D:2      | Reached XP level 5. HP: 17/25 MP: 8/11
  2292 | D:3      | Reached XP level 6. HP: 30/30 MP: 9/12
  2860 | D:3      | Reached skill level 7 in Stealth
  3209 | D:4      | Noticed Robin
  3223 | D:4      | Found a stormy altar of Qazlal.
  3267 | D:4      | Quit the game

Levels and vault maps discovered:
D:1:      nagdon_arrival_zigzag_paths, layout_loops_ring
D:2:      layout_loops_ring, uniq_sigmund
D:3:      layout_basic
D:4:      layout_rooms, grunt_qazlal_clouds, minmay_temple_entry_offerings,
          first_ration, uniq_robin

Skill      XL: |  1  2  3  4  5  6 |
---------------+-------------------+-----
Stealth        | 5 6 7 |  7.0
Spellcasting   | 3 |  3.9
Hexes          | 4 |  4.6
Fighting       | 1 |  1.6
Short Blades   | 2 |  2.8
Dodging        | 4 |  4.4

Action                   |  1- 3 |  4- 6 || total
-------------------------+-------+-------++-------
Melee: Dagger            |    95 |    94 ||   189
 Cast: Corona            |     2 |       ||     2
       Ensorcelled Hiber |    16 |    38 ||    54
 Stab: Sleeping          |    24 |    35 ||    59
  Eat: Ration            |       |     1 ||     1
Armor: Robe              |    10 |     7 ||    17
Dodge: Dodged            |    55 |    79 ||   134
